 Dungeon Crawl Stone Soup version 0.24-a0-489-g1c7b743a30 (webtiles) character file.

Game seed: 657720474723950978

12222 GameOver the Dealer of Despair (level 11, -1/81 HPs)
             Began as a Naga Wizard on July 11, 2019.
             Was an Elder of Kikubaaqudgha.
             Slain by a raiju (3 damage)
             ... on level 1 of the Abyss.
             The game lasted 01:10:11 (8797 turns).

GameOver the Dealer of Despair (Naga Wizard)        Turns: 8797, Time: 01:10:12

Health: -1/81      AC:  8    Str:  9      XL:     11   Next: 90%
Magic:  21/23      EV: 11    Int: 21 (23) God:    Kikubaaqudgha [****..]
Gold:   742        SH:  3    Dex:  7      Spells: 8/27 levels left

rFire    + . .     SeeInvis +   s - +4 whip
rCold    + + .     Gourm    .   (no shield)
rNeg     . . .     Faith    .   V - +0 steam dragon scales
rPois    +         Spirit   .   b - +0 helmet
rElec    +         Reflect  +   g - scarf {repulsion}
rCorr    +         Harm     .   B - +0 pair of gloves
MR       +....                  (no barding)
Stlth    +++.......             l - +3 amulet of reflection
HPRegen  0.23/turn              z - +1 ring of evasion
MPRegen  0.18/turn              O - ring of resist corrosion

@: resistant, repel missiles, very slow
A: large, see invisible, clumsy 1, cold resistance 1, deformed body, poison
resistance, slowness 2, slow metabolism 1, spit poison 1, AC +3
a: Spit Poison, Receive Corpses, Renounce Religion


You were on level 1 of the Abyss.
You worshipped Kikubaaqudgha.
Kikubaaqudgha was greatly pleased with you.
You were not hungry.

You visited 2 branches of the dungeon, and saw 11 of its levels.
You visited the Abyss 1 time.
You also visited: Ossuary.

You collected 742 gold pieces.

Inventory:

Hand Weapons
 a - a cursed +6 battleaxe
 c - a +2 halberd of protection
 f - a cursed +5 hand axe
 k - a +0 dagger of venom
 q - a +0 hunting sling
 r - a +1 dire flail of draining
 s - a +4 whip (weapon)
 w - a +0 spear
 W - a +2 flail of crushing
Missiles
 p - 103 arrows
 x - 29 bolts
 y - 12 javelins
 A - 44 sling bullets
 C - a throwing net
 D - 5 atropa-tipped darts
 E - 12 boomerangs
 G - 5 silver javelins (quivered)
 S - 11 poisoned darts
Armour
 b - a +0 helmet (worn)
 g - a scarf of repulsion (worn)
 B - a +0 pair of gloves (worn)
 H - a +1 ring mail of magic resistance
 V - +0 steam dragon scales (worn)
Jewellery
 l - a +3 amulet of reflection (around neck)
 z - a +1 ring of evasion (left hand)
 O - a ring of resist corrosion (right hand)
Wands
 u - a wand of iceblast (8)
 v - a wand of paralysis (7)
 T - a wand of digging (6)
 U - a wand of flame (24)
 Y - a wand of polymorph (6)
Scrolls
 e - 3 scrolls of remove curse
 h - 5 scrolls of teleportation
 n - 2 scrolls of enchant armour
 o - 3 scrolls of enchant weapon
 t - 4 scrolls of magic mapping
 K - a scroll of immolation
 N - 3 scrolls of fear
 Q - 2 scrolls of blinking
Potions
 i - a potion of brilliance
 j - 4 potions of heal wounds
 m - 5 potions of curing
 J - 3 potions of haste
 L - a potion of berserk rage {unknown}
 M - 2 potions of flight
 P - 2 potions of mutation
 R - 3 potions of agility
Comestibles
 d - 19 rations


   Skills:
 + Level 3.3 Dodging
 * Level 7.8 Stealth
 + Level 8.9 Spellcasting
 + Level 9.8 Conjurations
   Level 1.0 Summonings
 + Level 9.9 Necromancy
 - Level 2.0 Translocations
 - Level 6.0 Fire Magic
 - Level 6.1 Poison Magic


You had 8 spell levels left.
You knew the following spells:

 Your Spells              Type           Power        Failure   Level  Hunger
a - Magic Dart            Conj           ####         1%          1    None
b - Blink                 Tloc           N/A          4%          2    None
c - Dispel Undead         Necr           ######..     3%          5    #####..
d - Mephitic Cloud        Conj/Pois/Air  ####....     2%          3    None
f - Conjure Flame         Conj/Fire      #####...     1%          3    None
s - Bolt of Draining      Conj/Necr      ######....   3%          5    #####..

Your spell library contained the following spells:

 Spells                   Type           Power        Failure   Level  Hunger
 Animate Skeleton         Necr           N/A          1%          1    None
 Pain                     Necr           ####         1%          1    None
 Sublimation of Blood     Necr           ######....   1%          2    None
 Vampiric Draining        Necr           ######....   1%          3    None
 Animate Dead             Necr           N/A          1%          4    ###....
 Summon Butterflies       Summ           ##......     4%          1    None
 Call Imp                 Summ           ##......     8%          2    None
 Slow                     Hex            #.......     11%         2    None
 Borgnjor's Vile Clutch   Necr/Erth      ####......   26%         5    #####..
 Simulacrum               Ice/Necr       ####......   82%         6    ######.


Dungeon Overview and Level Annotations

Branches:
Dungeon (10/15)            Temple (1/1) D:5            Lair (0/6) D:9
    Orc: D:9-12

Altars:
Ashenzari
Cheibriados
Dithmenos
Elyvilon
Fedhas
Gozag
Kikubaaqudgha
Makhleb
Nemelex Xobeh
Qazlal
Ru
Sif Muna
Uskayaw
Vehumet
Yredelemnul

Annotations:
D:3 2 transporters
D:10 Grum


Innate Abilities, Weirdness & Mutations

You cannot wear boots.
Your serpentine skin is tough. (AC +3)
You have supernaturally acute eyesight. (SInv)
Armour fits poorly on your strangely shaped body.
Your system is resistant to poisons. (rPois)
You cover ground very slowly.
You have a slow metabolism.
You can spit poison.
You are clumsy. (Dex -2)
Your flesh is cold resistant. (rC+)


Message History

The neqoxec gestures at you.
You feel dopey. Something feeds on your intellect! The iron imp hits you!
* * * LOW HITPOINT WARNING * * *
The raiju completely misses you.
Unknown command.
Unknown command.
Unknown command.
Throwing (i - inventory. (/) - cycle)
G - 6 silver javelins (quivered)
Press: ? - help, Shift-Dir - straight line, f/p - neqoxec
Aim: a neqoxec (chaotic)
You throw a silver javelin.
The silver javelin pierces through the neqoxec!
The silver sears the neqoxec!
The neqoxec is heavily wounded.
The raiju bites you.
* * * LOW HITPOINT WARNING * * *
The raiju shocks you. You resist.
You die...
Kikubaaqudgha rasps: "You have failed me!
Welcome... death!"

# . # # ≈≈. .# ###
≈≈ ## ##.# # #
≈≈≈..#.. h5#.#.##
#≈≈≈≈≈....##t5.....
≈ ≈ ≈. #u5@# ##. ##
≈ ≈≈X≈≈h.#h#.
≈≈≈≈≈≈≈≈≈#hh# h. .
≈≈ ≈≈≈≈≈.##.### #
.# ≈≈≈ ≈≈≈ #..#
≈≈≈≈≈≈ ##.## ≈ ≈≈≈
≈≈#....# ≈
≈≈♣≈≈.##....# ≈ ≈
≈≈ ≈ # #.


You could see a red very ugly thing, an apocalypse crab, a large abomination, 4
raiju, an iron imp, a quasit and a white imp.

Vanquished Creatures
  A lich (Abyss:1)
  A two-headed ogre (D:9)
  A troll (D:10)
  2 hippogriffs (D:9)
  A wraith (Ossuary)
  2 yaks (D:7)
  A human (D:7)
  2 hogs (D:7)
  A steam dragon (D:7)
  Duvessa (D:6)
  2 hell hounds (Abyss:1)
  A porcupine (D:9)
  2 ice beasts
  3 sky beasts
  4 orc warriors
  2 necrophages
  A black bear (D:6)
  4 ogres
  A centaur (D:9)
  An elf zombie (Ossuary)
  6 bullfrogs
  A small abomination (Abyss:1)
  Dowan (D:6)
  6 scorpions
  A wyvern skeleton (D:8)
  4 wights (D:7)
  An electric eel (D:10)
  A howler monkey (D:5)
  4 crimson imps
  A quasit (D:5)
  A jelly (D:6)
  3 bullfrog skeletons
  2 bullfrog zombies (D:5)
  7 orc priests
  A gnoll shaman (D:5)
  A hound (D:9)
  14 orc wizards
  3 centaur skeletons
  6 iguanas
  4 worker ants
  A hound skeleton (D:8)
  3 mummies (Ossuary)
  2 worker ant zombies
  10 gnolls
  10 adders
  An ooze (D:4)
  An adder skeleton (D:6)
  3 worms
  A dart slug (D:4)
  4 leopard geckos
  27 orcs
  10 giant cockroaches
  6 goblins
  8 hobgoblins
  7 jackals
  4 quokkas
  2 ball pythons
  4 bats
  4 frilled lizards
  A goblin zombie (Ossuary)
  2 hobgoblin zombies (Ossuary)
  9 kobolds
  A leopard gecko zombie (D:5)
  An orc zombie (Ossuary)
  A quokka skeleton (D:4)
  A quokka zombie (D:5)
  7 rats
233 creatures vanquished.

Vanquished Creatures (others)
  A hell hound (Abyss:1)
  A kobold zombie (Ossuary)
  4 fungi (D:9)
6 creatures vanquished.

Grand Total: 239 creatures vanquished

Notes
Turn   | Place    | Note
-------+----------+-------------------------------------------
     0 | D:1      | GameOver the Naga Wizard began the quest for the Orb.
     0 | D:1      | Reached XP level 1. HP: 15/15 MP: 4/4
    78 | D:1      | Reached XP level 2. HP: 22/22 MP: 4/6
    82 | D:1      | Learned a level 2 spell: Blink
   377 | D:1      | Reached XP level 3. HP: 28/28 MP: 4/7
   384 | D:1      | Learned a level 3 spell: Mephitic Cloud
  1338 | D:2      | Found a faded altar of an unknown god.
  1546 | D:3      | Reached XP level 4. HP: 13/36 MP: 3/8
  1674 | D:3      | Reached XP level 5. HP: 25/42 MP: 7/9
  1682 | D:3      | Reached skill level 5 in Conjurations
  1802 | D:3      | Found an ancient bone altar of Kikubaaqudgha.
  1803 | D:3      | Found a radiant altar of Vehumet.
  1804 | D:3      | Found a deep blue altar of Sif Muna.
  1810 | D:3      | Became a worshipper of Kikubaaqudgha
  1817 | D:3      | Identified Sif Muna's Catalogue of the Entourage
  1823 | D:3      | Learned a level 3 spell: Conjure Flame
  1970 | D:3      | Found a transporter.
  1978 | D:3      | Found a transporter.
  2464 | D:4      | Reached XP level 6. HP: 41/49 MP: 6/10
  2516 | D:4      | Reached skill level 1 in Poison Magic
  2526 | D:4      | Reached skill level 1 in Fire Magic
  2742 | D:4      | Reached * piety under Kikubaaqudgha
  2742 | D:4      | Identified Kikubaaqudgha's Volume of Darkness
                  | (Kikubaaqudgha gifted it to you on level 4 of the Dungeon)
  2742 | D:4      | Received a gift from Kikubaaqudgha
  2742 | D:4      | Reached XP level 7. HP: 55/55 MP: 9/11
  2967 | D:4      | Found a hide-covered altar of Uskayaw.
  3080 | D:5      | Entered Level 5 of the Dungeon
  3086 | D:5      | Reached skill level 1 in Necromancy
  3103 | D:5      | Found a sparkling altar of Nemelex Xobeh.
  3197 | D:5      | Found a staircase to the Ecumenical Temple.
  3232 | Temple   | Entered the Ecumenical Temple
  3532 | D:5      | Found a sparkling altar of Nemelex Xobeh.
  3557 | D:5      | Reached skill level 5 in Stealth
  3632 | D:5      | Reached XP level 8. HP: 60/62 MP: 7/12
  3873 | D:6      | Noticed Duvessa
  3876 | D:6      | Noticed Dowan
  3914 | D:6      | Killed Duvessa
  3914 | D:6      | Reached skill level 5 in Poison Magic
  3924 | D:6      | Killed Dowan
  3924 | D:6      | Reached ** piety under Kikubaaqudgha
  4100 | D:6      | Found a sand-covered staircase.
  4147 | Ossuary  | Entered an ossuary
  4147 | Ossuary  | Noticed a wraith
  4147 | Ossuary  | Noticed a wraith
  4147 | Ossuary  | Noticed a wraith
  4445 | Ossuary  | Noticed a wraith
  4502 | Ossuary  | Killed a wraith
  4560 | Ossuary  | Reached XP level 9. HP: 50/68 MP: 10/13
  4700 | D:6      | Reached skill level 5 in Fire Magic
  5225 | D:6      | Found a white marble altar of Elyvilon.
  5521 | D:6      | Reached skill level 5 in Necromancy
  5857 | D:7      | Found a basalt altar of Yredelemnul.
  5933 | D:7      | Reached *** piety under Kikubaaqudgha
  5933 | D:7      | Identified Kikubaaqudgha's Papyrus of Evil Arts
                  | (Kikubaaqudgha gifted it to you on level 7 of the Dungeon)
  5933 | D:7      | Received a gift from Kikubaaqudgha
  6090 | D:7      | Reached skill level 5 in Spellcasting
  6167 | D:7      | Found a blossoming altar of Fedhas.
  6311 | D:7      | Reached XP level 10. HP: 75/75 MP: 12/18
  6335 | D:7      | Found a stormy altar of Qazlal.
  6464 | D:7      | Reached XP level 11. HP: 81/81 MP: 17/23
  6476 | D:7      | Learned a level 5 spell: Bolt of Draining
  6482 | D:7      | Learned a level 5 spell: Dispel Undead
  6675 | D:8      | Found an opulent altar of Gozag.
  6694 | D:8      | Found a sacrificial altar of Ru.
  6704 | D:8      | Found a shattered altar of Ashenzari.
  6800 | D:8      | Found a shadowy altar of Dithmenos.
  6824 | D:8      | Got an encrusted ring mail
  6840 | D:8      | Identified the +1 ring mail "Genn" {rN+ Str+4 Int-5} (You
                  | found it on level 8 of the Dungeon)
  7636 | D:9      | Noticed a two-headed ogre
  7644 | D:9      | Killed a two-headed ogre
  8060 | D:9      | Found a staircase to the Lair.
  8353 | D:10     | Entered Level 10 of the Dungeon
  8377 | D:10     | Reached **** piety under Kikubaaqudgha
  8605 | D:10     | Noticed Grum
  8614 | D:10     | Cast into level 1 of the Abyss (Grum)
  8669 | Abyss:1  | Noticed a spatial maelstrom
  8682 | Abyss:1  | Found a corrupted altar of Lugonu.
  8700 | Abyss:1  | Noticed a wretched star
  8711 | Abyss:1  | Noticed a lich
  8718 | Abyss:1  | Killed a lich
  8724 | Abyss:1  | Noticed a starcursed mass
  8752 | Abyss:1  | Noticed a red very ugly thing
  8792 | Abyss:1  | Gained mutation: Your flesh is cold resistant. (rC+)
                  | [potion of mutation]
  8792 | Abyss:1  | Gained mutation: Your mind is acute. (Int +2) [potion of
                  | mutation]
  8792 | Abyss:1  | HP: 3/81 [raiju (3)]
  8794 | Abyss:1  | Gained mutation: You are clumsy. (Dex -2) [a neqoxec]
  8796 | Abyss:1  | Lost mutation: Your mind is acute. (Int +2) [a neqoxec]
  8797 | Abyss:1  | HP: 2/81 [raiju (3)]
  8797 | Abyss:1  | Slain by a raiju

Levels and vault maps discovered:
D:1:      lemuel_arrival_hallway, layout_rooms, chequers_serial_rivers_small_b
D:2:      layout_loops_corners, chequers_ecumenical_altar_lobes, serial_forest,
          infiniplex_forest_straight_1, infiniplex_forest_clump_long,
          infiniplex_forest_end_3, infiniplex_forest_clump_tiny,
          infiniplex_forest_lined_corner, infiniplex_forest_zigzag_1
D:3:      gammafunk_steamed_eel, layout_loops_ring,
          grunt_temple_overflow_magic_moments, first_ration, serial_glass,
          glass_columns_b, glass_columns_a, chequers_serial_rivers_micro_e
D:4:      layout_basic, kennysheep_mini
D:5:      layout_rooms, nemelex_xobeh_ov_fountains_minmay,
          minmay_temple_entry_large_hall, basic_altar,
          chequers_serial_rivers_micro_e
D:6:      layout_basic, lemuel_coloured_pillars_altar,
          nicolae_ossuary_entry_false_entrances, uniq_duvessa
D:7:      layout_rooms, nicolae_overflow_hidden_temple, grunt_qazlal_clouds,
          yredelemnul_altar_generic, grunt_livestock, dk_rats_in_the_wall
D:8:      layout_loops_ring, nicolae_dithmenos_through_a_glass_darkly,
          minmay_overflow_temple_star_quad
D:9:      layout_basic, grunt_lair_entry_orc_guard_hut
D:10:     layout_loops_ring, erik_orc_1, nicolae_lava_and_water,
          kennysheep_path_1, uniq_grum
Temple:   jpeg_temple_island
Abyss:1

Skill      XL: |  1  2  3  4  5  6  7  8  9 10 11 |
---------------+----------------------------------+-----
Conjurations   | 2 3 4 5 6 9 |  9.8
Poison Magic   | 2 3 6 |  6.1
Fire Magic     | 1 3 4 6 |  6.0
Translocations | 2 |  2.0
Necromancy     | 2 4 6 9 |  9.9
Stealth        | 5 6 7 |  7.8
Spellcasting   | 5 8 |  8.9
Dodging        | 3 |  3.3
Summonings     | |  1.0

Action                   |  1- 3 |  4- 6 |  7- 9 | 10-12 || total
-------------------------+-------+-------+-------+-------++-------
Melee: Whip              |     1 |       |    61 |   126 ||   188
       Spear             |     1 |    23 |   326 |    37 ||   387
       Dagger            |     1 |       |       |       ||     1
Throw: Javelin           |       |       |       |     6 ||     6
 Cast: Magic Dart        |    33 |    44 |    92 |    77 ||   246
       Mephitic Cloud    |     1 |     5 |    19 |    20 ||    45
       Conjure Flame     |       |     1 |    27 |    13 ||    41
       Blink             |       |       |     8 |     2 ||    10
       Dispel Undead     |       |       |       |     4 ||     4
       Bolt of Draining  |       |       |       |     1 ||     1
 Abil: Spit Poison       |    38 |    42 |    79 |    58 ||   217
Evoke: Wand              |       |       |    13 |     4 ||    17
  Use: Scroll            |       |     5 |     7 |     6 ||    18
       Potion            |       |       |     2 |     7 ||     9
 Stab: Sleeping          |     1 |       |     1 |       ||     2
       Confused          |       |     1 |     8 |    10 ||    19
  Eat: Chunk             |     3 |     7 |    15 |    11 ||    36
       Ration            |       |       |     1 |     1 ||     2
Armor: Robe              |     1 |     4 |    72 |       ||    77
       Skin              |       |       |    26 |    30 ||    56
       Steam dragon scal |       |       |       |    41 ||    41
Dodge: Dodged            |     7 |     9 |   123 |    75 ||   214
       Deflected         |       |       |       |     6 ||     6
Block: Other             |       |     2 |    27 |    20 ||    49
       Reflection        |       |     1 |       |     1 ||     2

Table legend:
 A = Non-vault XP
 B = Vault XP
 C = Vault XP percentage of total XP
 D = Non-vault monster count
 E = Vault monster count
 F = Vault count percentage of total count
                 A         B        C        D         E       F
            +---------+---------+-------+---------+---------+-------
      Total |   10717 |    1869 |  14.8 |     214 |      21 |   8.9
            +---------+---------+-------+---------+---------+-------
        D:1 |      40 |       0 |   0.0 |      24 |       0 |   0.0
        D:2 |      11 |       0 |   0.0 |       7 |       0 |   0.0
        D:3 |     242 |       0 |   0.0 |      32 |       0 |   0.0
        D:4 |     377 |       0 |   0.0 |      23 |       0 |   0.0
        D:5 |     722 |       0 |   0.0 |      20 |       0 |   0.0
        D:6 |    1015 |     197 |  16.3 |      30 |       2 |   6.2
        D:7 |    1109 |     869 |  43.9 |      24 |       5 |  17.2
        D:8 |     894 |       0 |   0.0 |      23 |       0 |   0.0
        D:9 |    2205 |     441 |  16.7 |      14 |       4 |  22.2
       D:10 |     846 |       0 |   0.0 |      12 |       0 |   0.0
    Abyss:1 |    3256 |       0 |   0.0 |       5 |       0 |   0.0
    Ossuary |       0 |     362 | 100.0 |       0 |      10 | 100.0
            +---------+---------+-------+---------+---------+-------
